 Dungeon Sprint DCSS version 0.28.0-43-g3370ac3207 (webtiles) character file.

Game seed: 14879104885833701503

772 Baz the Demonic Cataclysm (level 7, -5/62 HPs)
             Began as a Demonspawn Gladiator on Mar 18, 2022.
             Was a High Priest of Qazlal.
             Slain by an orc knight
             ... wielding a +3 battleaxe
              (8 damage)
             ... in the Dungeon (Sprint VII: "The Pits").
             The game lasted 00:03:06 (718 turns).

Baz the Demonic Cataclysm (Demonspawn Gladiator)     Turns: 718, Time: 00:03:06

Health: -5/62      AC: 10    Str: 16    XL:     7   Next: 53%
Magic:  4/14       EV: 13    Int:  9    God:    Qazlal [*****.]
Gold:   0          SH:  7    Dex: 15    Spells: 6/6 levels left

rFire   . . .      SeeInvis .   k - +2 falchion
rCold   . . .      Faith    .   (no shield)
rNeg    . . .      Spirit   .   o - +3 ring mail
rPois   .          Reflect  .   c - +0 helmet
rElec   .          Harm     .   (no cloak)
rCorr   .          Rampage  .   (no gloves)
Will    .....      NoTele   +   (no boots)
Stlth   +.........              (no amulet)
HPRegen 0.20/turn               (no ring)
MPRegen 0.14/turn               (no ring)

@: repel missiles
A: claws 2, ignite blood 1
a: Renounce Religion, Upheaval, Elemental Force, Disaster Area


You were in the Dungeon.
You worshipped Qazlal.
Qazlal was extremely pleased with you.
You visited 1 branch

Inventory:

Hand Weapons
 a - a +0 long sword
 k - a +2 falchion (weapon)
Missiles
 d - 3 throwing nets (quivered)
Armour
 b - a +0 leather armour
 c - a +0 helmet (worn)
 o - a +3 ring mail (worn)
 p - a +3 chain mail
Scrolls
 j - a scroll of blinking
 m - 5 scrolls of amnesia
 n - a scroll of summoning
Potions
 e - 5 potions of curing
 f - 5 potions of heal wounds
 g - a potion of haste
 h - 4 potions of magic
 i - 3 potions of berserk rage
 l - a potion of invisibility


   Skills:
 + Level 8.1 Fighting
 + Level 7.7 Long Blades
 - Level 1.7 Throwing
 + Level 7.1 Armour
 - Level 5.7 Dodging
 * Level 10.2 Invocations


You had 6 spell levels left.
You didn't know any spells.
Your spell library was empty.

Dungeon Overview and Level Annotations

Branches:
Dungeon (1/1)

Altars:
Ashenzari
Cheibriados
Dithmenos
Elyvilon
Fedhas
Gozag
Hepliaklqana
Kikubaaqudgha
Makhleb
Nemelex Xobeh
Okawaru
Qazlal
Ru
Sif Muna
Trog
Uskayaw
Vehumet
Wu Jian
Xom
Yredelemnul
Zin
The Shining One
Beogh
Jiyva
Lugonu


Innate Abilities, Weirdness & Mutations

You have very sharp fingernails.
Your demonic aura sometimes causes spilled blood to erupt in flames.


Message History

Your Fighting skill increases to level 8!
Your Armour skill increases to level 7!
Your Invocations skill increases to level 10!
You hit the orc warrior but do no damage.
The orc warrior is lightly wounded.
The orc warrior barely misses you.
You barely miss the orc warrior.
The orc warrior is lightly wounded.
The orc warrior no longer looks unusually strong.
You closely miss the orc knight. The orc warrior misses you.
The orc knight roars a battlecry!
The orc warrior goes into a battle-frenzy!
You barely miss the orc warrior.
The orc warrior is lightly wounded.
The orc warrior hits you with a +0 hand axe.
The orc knight hits you with a +3 battleaxe.
You hit the orc warrior but do no damage.
The orc warrior is lightly wounded.
You block the orc warrior's attack.
The orc knight hits you with a +3 battleaxe.
You completely miss the orc warrior.
The orc warrior is lightly wounded.
The orc warrior misses you. You block the orc knight's attack.
You hit the orc warrior.
The orc warrior is moderately wounded.
You feel less protected from physical attacks.
The orc warrior misses you.
You hit the orc warrior.
The orc warrior is moderately wounded.
The orc knight hits you with a +3 battleaxe!
The orc warrior hits you with a +0 hand axe!
You hit the orc warrior but do no damage.
The orc warrior is moderately wounded.
The orc knight hits you with a +3 battleaxe!!
* * * LOW HITPOINT WARNING * * *
You barely miss the orc warrior.
The orc warrior is moderately wounded.
The orc warrior barely misses you.
The orc knight hits you with a +3 battleaxe!
You die...

#)#..#.))).##.......#
#'###########.......#
#).#.#.##..##########
#.......#.######
##.#.#.##†#....#
#.......#)#))..#
##.#.#.##.))...+
#.......#o#..).#
##.#.#..o@# ...#
########## ###


You could see an orc knight and an orc warrior (strong).

Vanquished Creatures
  A warg (D)
  A water moccasin (D)
  An ogre (D)
  A phantom (D)
  A bullfrog (D)
  A scorpion (D)
  A wight (D)
  2 quasits (D)
  3 orc priests (D)
  An iguana (D)
  An orc wizard (D)
  2 adders (D)
  An ufetubus (D)
  5 orcs (D)
  A ball python (D)
  A giant cockroach (D)
  2 hobgoblins (D)
  2 jackals (D)
  A ball python skeleton (D)
  A bat (D)
  A kobold (D)
  A rat (D)
32 creatures vanquished.

Notes
Turn   | Place    | Note
-------+----------+-------------------------------------------
     0 | D        | Baz the Demonspawn Gladiator began the quest for the Orb.
     0 | D        | Reached XP level 1. HP: 16/16 MP: 1/1
    20 | D        | Found a bloodstained altar of Trog.
    20 | D        | Found a shimmering blue altar of Sif Muna.
    20 | D        | Found a viscous altar of Jiyva.
    20 | D        | Found a hazy altar of Hepliaklqana.
    20 | D        | Found an opulent altar of Gozag.
    21 | D        | Found a basalt altar of Yredelemnul.
    21 | D        | Found a shimmering altar of Xom.
    21 | D        | Found an ornate altar of the Wu Jian Council.
    21 | D        | Found a sacrificial altar of Ru.
    21 | D        | Found a stormy altar of Qazlal.
    21 | D        | Found an iron altar of Okawaru.
    21 | D        | Found a sparkling altar of Nemelex Xobeh.
    21 | D        | Found a burning altar of Makhleb.
    21 | D        | Found a blossoming altar of Fedhas.
    21 | D        | Found a shadowy altar of Dithmenos.
    21 | D        | Found a snail-covered altar of Cheibriados.
    22 | D        | Found a radiant altar of Vehumet.
    22 | D        | Found a corrupted altar of Lugonu.
    23 | D        | Found a hide-covered altar of Uskayaw.
    23 | D        | Found an ancient bone altar of Kikubaaqudgha.
    23 | D        | Found a broken altar of Ashenzari.
    30 | D        | Became a worshipper of Qazlal Stormbringer
    74 | D        | Reached skill level 1 in Armour
    79 | D        | Gained mutation: You have sharp fingernails. [demonic
                  | ancestry]
    79 | D        | Reached XP level 2. HP: 6/23 MP: 2/2
   347 | D        | Noticed a scorpion
   355 | D        | Killed a scorpion
   355 | D        | Reached * piety under Qazlal
   356 | D        | Gained mutation: Your demonic aura sometimes causes spilled
                  | blood to erupt in flames. [demonic ancestry]
   356 | D        | Reached XP level 3. HP: 11/30 MP: 3/3
   360 | D        | Reached XP level 4. HP: 27/37 MP: 4/4
   363 | D        | Noticed a warg
   368 | D        | Killed a warg
   368 | D        | Reached ** piety under Qazlal
   369 | D        | Reached skill level 5 in Fighting
   369 | D        | Reached skill level 5 in Long Blades
   369 | D        | Reached skill level 5 in Dodging
   369 | D        | Gained mutation: You have very sharp fingernails. [demonic
                  | ancestry]
   369 | D        | Reached XP level 5. HP: 31/46 MP: 5/5
   439 | D        | Noticed a water moccasin
   453 | D        | Reached *** piety under Qazlal
   454 | D        | Reached skill level 5 in Armour
   454 | D        | Reached skill level 2 in Invocations
   467 | D        | Reached skill level 3 in Invocations
   468 | D        | Reached skill level 4 in Invocations
   468 | D        | Reached XP level 6. HP: 35/53 MP: 3/9
   470 | D        | Reached **** piety under Qazlal
   471 | D        | Reached skill level 5 in Invocations
   476 | D        | Killed a water moccasin
   477 | D        | Reached skill level 7 in Invocations
   586 | D        | Reached ***** piety under Qazlal
   593 | D        | Reached skill level 8 in Invocations
   611 | D        | Reached XP level 7. HP: 43/60 MP: 13/13
   693 | D        | Noticed an orc knight
   695 | D        | Reached skill level 9 in Invocations
   709 | D        | Reached skill level 10 in Invocations
   717 | D        | HP: 3/62 [orc knight/+3 battleaxe (18)]
   718 | D        | Slain by an orc knight

Illustrated notes

Levels and vault maps discovered:
D:        pitsprint [storerooms_1, entrance_room_1, metal_vault_7, armoury_2,
          mini_pit_1, grid_room_1, main_hall_1, silver_pit, the_coven_3,
          the_vestibule_1, steel_vault_2, golden_pit, hallway_of_sentries,
          crystal_vault_2, iron_vault_1, final_vault]

Skill      XL: |  1  2  3  4  5  6  7 |
---------------+----------------------+-----
Long Blades    | 3 4 5 6 7 |  7.7
Armour         | 1 3 4 5 6 7 |  7.1
Dodging        | 3 4 5 |  5.7
Fighting       | 4 5 6 7 8 |  8.1
Invocations    | 4 8 10 | 10.2
Throwing       | |  1.7

Action                   |  1- 3 |  4- 6 |  7- 9 || total
-------------------------+-------+-------+-------++-------
Melee: Falchion          |    17 |    82 |    21 ||   120
       Long sword        |     5 |       |       ||     5
Invok: Upheaval          |       |     2 |     4 ||     6
  Use: Potion            |     2 |     1 |       ||     3
 Stab: Invisible         |     1 |     3 |       ||     4
Armor: Leather armour    |     6 |     2 |       ||     8
       Ring mail         |       |    39 |     7 ||    46
Dodge: Dodged            |    22 |    86 |    12 ||   120
Block: Other             |       |    27 |     5 ||    32
